[Event "*** MasterClass Titled Tuesday Blitz"]
[Site "Chess.com"]
[Date "2017.10.03"]
[Round "4"]
[White "PlotnikovPavel"]
[Black "tigra"]
[Result "0-1"]
[WhiteElo "2452"]
[BlackElo "2634"]
[TimeControl "180+2"]
[EndTime "13:50:19 PDT"]
[Termination "tigra won by resignation"]

1. d4 Nf6 2. Nf3 g6 3. c4 Bg7 4.
Nc3 d5 5. e3 O-O 6. cxd5 Nxd5 7.
Qb3 Nb6 8. a4 Be6 9. Qc2 Nc6 10.
a5 Nd5 11. Nxd5 Qxd5 12. a6 Nb4 13. Qa4 c5 14. Bd2 Nxa6 15. Bxa6 bxa6 16. O-O Bg4 17.
Ne5 Be2 18. Rfe1 Bb5 19. Qc2 cxd4 20. exd4 Qxd4 21. Bc3 Rac8 22. Rad1 Qa4 23. Qxa4 Bxa4 24. Rd5 Rfd8 25. Rxd8+ Rxd8 26. f4 e6 27. Kf2 h5 28.
g3 Bf8 29. Re2 Bc5+ 30. Kg2 Rd1 31. Rd2 Rxd2+ 32. Bxd2 Bd4 33. b4 Bb3 34. Kf3 Bd5+ 35. Ke2 Be4 36. Be3 Bxe3 37. Kxe3 Bg2 38. Kd4 Kf8 39. Kc5 Ke7 40. Nc4 f6 41. Kd4 Bd5 42.
Ne3 Kd6 43. h4 Bf3 44. Nc4+ Kc6 45. Na5+ Kb5 46. Kc3 Bd5 0-1

[Event "*** MasterClass Titled Tuesday Blitz"]
[Site "Chess.com"]
[Date "2017.10.03"]
[Round "4"]
[White "Tesla37"]
[Black "swayamsm"]
[Result "1-0"]
[WhiteElo "2684"]
[BlackElo "2495"]
[TimeControl "180+2"]
[EndTime "13:50:26 PDT"]
[Termination "Tesla37 won by resignation"]

1. c4 Nf6 2. Nc3 c5 3. g3 g6 4. Bg2 Bg7 5. e3 O-O 6. Nge2 Nc6 7. b3 e6 8. Bxc6 dxc6 9. f4 Qd3 10. O-O Ne4 11.
Bb2 Nxd2 12. Rf2 Qxe3 13. Qc2 Bd4 14. Nxd4 cxd4 15. Qxd2 Qxd2 16. Rxd2 dxc3 17. Bxc3 f6 18. Rad1 b6 19. Rd8 Rxd8 20. Rxd8+ Kf7 21. g4 h5 22. g5 fxg5 23. fxg5 a5 24. Be5 b5 25. a4 bxa4 26.
bxa4 c5 27. Kf2 Ke7 28. Rh8 Kd7 29. Rg8 Bb7 30. Rg7+ Kc6 31. Rxg6 Rf8+ 32. Ke3 Kd7 33. Rg7+ Kc6 34. g6 Kb6 35. Rf7 Rd8 36. g7 1-0

[Event "*** MasterClass Titled Tuesday Blitz"]
[Site "Chess.com"]
[Date "2017.10.03"]
[Round "4"]
[White "Aygehovit1992"]
[Black "IMVoja"]
[Result "1-0"]
[WhiteElo "2447"]
[BlackElo "2393"]
[TimeControl "180+2"]
[EndTime "13:50:28 PDT"]
[Termination "Aygehovit1992 won by checkmate"]

1. d4 Nf6 2. c4 c5 3. d5 d6 4. Nc3 g6 5. e4 Bg7 6. Nf3 O-O 7. Bd3 Na6 8. O-O Nc7 9. h3 e5 10. dxe6 Nxe6 11. Be3 Nh5 12. Qd2 Bd7 13. Nd5 Bc6 14.
Rad1 Bxd5 15. exd5 Nd4 16. Nxd4 cxd4 17. Bg5 f6 18.
Bh6 Bxh6 19. Qxh6 f5 20. Rfe1 Ng7 21. Re2 Qf6 22. Rde1 Rae8 23. Qd2 Rxe2 24. Rxe2 Re8 25. Rxe8+ Nxe8 26. Qa5 a6 27. Qb6 Qe5 28. Kf1 Qh2 29.
Qxb7 Qh1+ 30. Ke2 Qxg2 31. Qe7 Ng7 32. Qd8+ Kf7 33. Qxd6 Qxh3 34. c5 Qg4+ 35. Kd2 Qg5+ 36. Kc2 Qg2 37. Qc7+ Kf6 38. Qd8+ Kf7 39. d6 Qxf2+ 40.
Kb3 Qe3 41. Kc4 Qc1+ 42. Kb3 Qxc5 43. Bc4+ Ne6 44. Qe7+ Kg8 45. Bxe6+ Kh8 46. Qf8# 1-0

[Event "*** MasterClass Titled Tuesday Blitz"]
[Site "Chess.com"]
[Date "2017.10.03"]
[Round "4"]
[White "bancsoo"]
[Black "Kacparov"]
[Result "0-1"]
[WhiteElo "2550"]
[BlackElo "2622"]
[TimeControl "180+2"]
[EndTime "13:50:37 PDT"]
[Termination "Kacparov won by resignation"]

1. Nf3 d5 2. g3 Nf6 3. Bg2 Bg4 4. O-O c6 5. h3 Bxf3 6. Bxf3 Nbd7 7. d4 e5 8. c4 e4 9. Bg2 Be7 10. cxd5 cxd5 11.
Nc3 h6 12. Bf4 O-O 13. Qb3 Nb6 14. Rac1 Rc8 15. Nb5 Rxc1 16. Rxc1 Nc4 17. Nxa7 Qd7 18. Nb5 Ra8 19. Nc7 Rc8 20. Nb5 Rc6 21. a4 g5 22. Be3 Ne8 23. Kh2 Nc7 24. Nc3 Rb6 25. Qd1 Rxb2 26. Rb1 Bb4 27. Rxb2 Nxb2 28. Qb3 Bxc3 29.
Qxc3 Nxa4 30. Qa5 b5 31. Bd2 Nb2 32. Bb4 Nc4 33. Qa7 Qc8 34. e3 Ne6 35. h4 gxh4 36.
gxh4 Qc7+ 37. Qxc7 Nxc7 38. Bh3 Na6 39. Bc3 b4 40. Ba1 b3 41. Bc8 Nb4 42. Kg3 b2 43. Bxb2 Nxb2 44. Kf4 N2d3+ 45. Kg3 Kg7 46. h5 Kf6 0-1

[Event "*** MasterClass Titled Tuesday Blitz"]
[Site "Chess.com"]
[Date "2017.10.03"]
[Round "4"]
[White "AndrewMcStone"]
[Black "evgenysharapov"]
[Result "0-1"]
[WhiteElo "2069"]
[BlackElo "2261"]
[TimeControl "180+2"]
[EndTime "13:50:37 PDT"]
[Termination "evgenysharapov won on time"]

1. d4 d5 2. c4 c6 3. Nc3 Nf6 4. e3 e6 5. Nf3 Nbd7 6. Qc2 Bd6 7. g4 Nxg4 8. Rg1 Qf6 9. Rxg4 Qxf3 10. Rxg7 Nf8 11. Rg5 Ng6 12. Bd2 Bd7 13. Be2 Qh1+ 14. Bf1 Qxh2 15. O-O-O Qxf2 16. cxd5 exd5 17. e4 Bf4 18.
Rg2 Bxd2+ 19. Kb1 Qxd4 20. Rgxd2 Qf6 21. exd5 Bf5 22. Re1+ Kf8 23. Bd3 Bxd3 24. Qxd3 Kg7 25. Ne4 Qe5 26. dxc6 Rad8 27. Qe2 Rxd2 28. Qxd2 bxc6 29.
Ng5 Qf5+ 30. Ka1 h6 31. Qc3+ Qf6 32. Qxf6+ Kxf6 33. Ne4+ Kg7 34. Rc1 h5 35. Rxc6 h4 36. Rc2 h3 37. Rh2 f5 38. Nf2 Nf4 39. Kb1 Kg6 40. Kc2 Kg5 41. Kd2 Kh4 42. Nh1 Rg8 43. Ke3 Rg2 0-1

[Event "*** MasterClass Titled Tuesday Blitz"]
[Site "Chess.com"]
[Date "2017.10.03"]
[Round "4"]
[White "JammyDodger91"]
[Black "TomsKantans"]
[Result "1-0"]
[WhiteElo "2417"]
[BlackElo "2404"]
[TimeControl "180+2"]
[EndTime "13:50:41 PDT"]
[Termination "JammyDodger91 won on time"]

1. e4 c5 2. d4 cxd4 3. c3 Nf6 4. e5 Nd5 5. Nf3 d6 6. exd6 Qxd6 7. Na3 a6 8. Nc4 Qc7 9. Nxd4 e6 10. Be2 Be7 11.
O-O O-O 12. Ne3 Nxe3 13. Bxe3 e5 14. Nb3 Be6 15. Qc2 Nd7 16. Bf3 f5 17. Rfd1 Nf6 18.
Bg5 Rad8 19. Rxd8 Rxd8 20. Rd1 Rxd1+ 21. Qxd1 e4 22. Be2 h6 23. Be3 f4 24. Bd4 b5 25.
Qc2 Bd5 26. Nd2 Qc6 27. b3 f3 28. Bf1 e3 29. Nxf3 Bxf3 30. gxf3 Qxf3 31. fxe3 Bd6 32. Qg2 Qf5 33. h3 Be5 34. e4 1-0

[Event "*** MasterClass Titled Tuesday Blitz"]
[Site "Chess.com"]
[Date "2017.10.03"]
[Round "4"]
[White "Kawhi_Leonard2"]
[Black "51616516516"]
[Result "1-0"]
[WhiteElo "2244"]
[BlackElo "2051"]
[TimeControl "180+2"]
[EndTime "13:50:47 PDT"]
[Termination "Kawhi_Leonard2 won on time"]

1. e4 c5 2. Nf3 g6 3. d4 cxd4 4. Nxd4 Nc6 5. Nc3 Bg7 6. Be3 Nf6 7. Bc4 O-O 8. Bb3 d6 9. f3 Bd7 10. Qd2 Nxd4 11. Bxd4 b5 12. h4 a5 13. a4 b4 14. Nd5 Nxd5 15. exd5 Bxd4 16. Qxd4 Rc8 17. h5 Qc7 18. O-O-O Qc5 19. Qh4 Qe3+ 20. Kb1 g5 21. Qg3 Bf5 22. Rhe1 Qxb3 23. Qxg5+ Bg6 24. Qxg6+ hxg6 25. cxb3 Rc7 26. hxg6 fxg6 27. Re6 Kf7 28. Rh1 Kg7 29. Rhe1 Kf7 30. R1e4 Rh8 31. Rf4+ Kg7 32. Rc4 Rh1+ 33. Ka2 Rxc4 34. bxc4 Kf7 35. Kb3 Rg1 36.
Re2 Rd1 37. Kc2 Ra1 38. Kb3 Rd1 39. Rc2 Kf6 40. c5 dxc5 41. Rxc5 Ke5 42. Rxa5 Rd2 43. Rb5 Rxg2 44. a5 Rg1 45. Kxb4 Rf1 46. a6 Ra1 47.
Ra5 Kd6 48. Rxa1 1-0

[Event "*** MasterClass Titled Tuesday Blitz"]
[Site "Chess.com"]
[Date "2017.10.03"]
[Round "4"]
[White "Bryakin_Mikhail"]
[Black "djogrodek1"]
[Result "1/2-1/2"]
[WhiteElo "2491"]
[BlackElo "2397"]
[TimeControl "180+2"]
[EndTime "13:50:48 PDT"]
[Termination "Game drawn by repetition"]

1. c4 c6 2. d3 d5 3. b3 Nf6 4.
Nf3 Bg4 5. g3 dxc4 6. dxc4 Qxd1+ 7. Kxd1 Nbd7 8. Nc3 e5 9. Bg2 Bb4 10. Bb2 Rd8 11. h3 Bh5 12. Kc1 Bc5 13. e3 Bb4 14. g4 Bg6 15. Nh4 Nc5 16. Nxg6 Nd3+ 17. Kc2 hxg6 18. a3 Bxc3 19. Bxc3 Nxf2 20. Rhe1 N2e4 21. Rad1 Nxc3 22. Kxc3 Ke7 23. b4 Rxd1 24. Rxd1 Rd8 25. Rb1 Rd7 26. b5 c5 27. b6 a6 28. a4 g5 29. a5 Ne8 30. Bd5 Nf6 31. e4 g6 32. Rf1 Nxd5+ 33. cxd5 Rd8 34. Kc4 Rh8 35. Rf3 Rc8 36. Rf1 f6 37. Rf3 Kf7 38. Rf1 Ke7 39.
Rf3 Kf7 40. Rf2 Ke7 41. Rf1 Rh8 42. Rf3 Rc8 43. Rf1 Rh8 44. Rf3 Rc8 45. Rf2 Kf7 46. Rf1 Rh8 47. Rf3 Rc8 48. Rf1 Ke7 49. Rf3 Kf7 50. Rf2 Rh8 51. Rf3 Rc8 1/2-1/2

[Event "*** MasterClass Titled Tuesday Blitz"]
[Site "Chess.com"]
[Date "2017.10.03"]
[Round "4"]
[White "BillieKimbah"]
[Black "GM_dmitrij"]
[Result "1-0"]
[WhiteElo "2711"]
[BlackElo "2660"]
[TimeControl "180+2"]
[EndTime "13:50:51 PDT"]
[Termination "BillieKimbah won by checkmate"]

1. d4 Nf6 2. Nf3 d5 3. c4 e6 4. Nc3 c6 5. e3 Nbd7 6. Be2 dxc4 7. a4 Bd6 8. Nd2 O-O 9. Nxc4 Bc7 10. b3 e5 11. Ba3 Re8 12. Nd6 Re6 13. Nxc8 Rxc8 14.
O-O e4 15. Bc4 Re8 16. g3 Nb6 17. Rc1 Qd7 18. Be2 Qh3 19. Re1 h5 20. Bf1 Qf5 21.
Bc5 Nbd7 22. Bg2 Nxc5 23. dxc5 Ba5 24. Qd4 Rcd8 25. Qc4 Rd2 26. Rf1 Bxc3 27. Qxc3 Red8 28. h3 Qd5 29. b4 Qd3 30. Qe5 Qd5 31. Qc7 Qd7 32.
Qf4 Qe7 33. b5 R2d5 34. h4 cxb5 35. axb5 Rxc5 36. Rxc5 Qxc5 37. Bxe4 Qxb5 38. Rb1 Qc5 39. Rxb7 a5 40. Kg2 Nxe4 41. Qxf7+ Kh8 42. Qxg7# 1-0

[Event "*** MasterClass Titled Tuesday Blitz"]
[Site "Chess.com"]
[Date "2017.10.03"]
[Round "4"]
[White "Too_Stupid_To_Play"]
[Black "Mistheoretical"]
[Result "0-1"]
[WhiteElo "2145"]
[BlackElo "2203"]
[TimeControl "180+2"]
[EndTime "13:50:52 PDT"]
[Termination "Mistheoretical won by resignation"]

1. b4 e5 2. Bb2 Bxb4 3. Bxe5 Nf6 4. Nc3 d5 5. Bxf6 gxf6 6. Nb1 Be6 7. c3 Bd6 8. g3 h5 9. Nf3 Nd7 10. d4 c6 11. Bg2 f5 12. e3 Nf6 13. Nbd2 Ne4 14. Qc2 b5 15. Rb1 a6 16. h4 Qc7 17. Nxe4 fxe4 18.
Ng5 Bg4 19. Nxe4 dxe4 20. Qxe4+ Kd7 21. a4 Rae8 22. Qd3 Bxg3 23. axb5 axb5 24. d5 Rxe3+ 25. Qxe3 Re8 26. dxc6+ Kd8 27. Be4 Bf4 28. Qd4+ Kc8 29. Rxb5 f5 30. Qd7+ Qxd7 31. Rb8+ Kxb8 32. cxd7 Rxe4+ 33.
Kf1 Kc7 34. Kg2 Kxd7 35. Ra1 Re2 36. Ra7+ Kc6 37. Ra6+ Kb7 38. Ra4 Be5 39. Rb4+ Kc6 40. c4 Rc2 41. c5 f4 42. Rb3 f3+ 0-1

[Event "*** MasterClass Titled Tuesday Blitz"]
[Site "Chess.com"]
[Date "2017.10.03"]
[Round "4"]
[White "RaphaeI"]
[Black "tomsishere"]
[Result "1-0"]
[WhiteElo "2420"]
[BlackElo "2279"]
[TimeControl "180+2"]
[EndTime "13:50:53 PDT"]
[Termination "RaphaeI won by resignation"]

1. d4 Nf6 2. c4 g6 3. Nf3 Bg7 4.
g3 O-O 5. Bg2 c6 6. Nc3 d5 7.
cxd5 cxd5 8. Ne5 Nc6 9. O-O Ng4 10.
f4 Ngxe5 11. fxe5 e6 12. Be3 Bd7 13. Kh1 Na5 14. b3 Rc8 15. Rc1 f6 16. exf6 Bxf6 17. Bh6 Rf7 18. e4 Bc6 19. Bh3 Qd7 20. Nxd5 Bg7 21. Bxg7 Kxg7 22. Rxf7+ Qxf7 23. Qe2 Rd8 24. Nf4 Rd6 25. Rd1 g5 26. Nh5+ Kg8 27. Bg2 e5 28. dxe5 Rxd1+ 29. Qxd1 Qe7 30. Nf6+ Kg7 31. Qh5 Qxe5 32. Qxh7+ Kf8 33. Qh8+ Kf7 34. Qg8+ Kxf6 35. Qh8+ Ke6 36. Bh3+ Kd6 37. Qb8+ Kc5 38. Qxe5+ Kb6 39.
Qd4+ Ka6 40. Bf1+ b5 41. h4 gxh4 42. gxh4 Nb7 43. h5 1-0

[Event "*** MasterClass Titled Tuesday Blitz"]
[Site "Chess.com"]
[Date "2017.10.03"]
[Round "4"]
[White "guilhermedeola"]
[Black "Daniela_Movileanu"]
[Result "1-0"]
[WhiteElo "1984"]
[BlackElo "2086"]
[TimeControl "180+2"]
[EndTime "13:51:03 PDT"]
[Termination "guilhermedeola won by resignation"]

1. d4 Nf6 2. c4 g6 3. f3 d5 4. cxd5 Nxd5 5. e4 Nb6 6. Nc3 Bg7 7. Be3 O-O 8. Qd2 e5 9. d5 c6 10. dxc6 Nxc6 11. Qxd8 Rxd8 12. Kf2 Be6 13. Bb5 Nd4 14. Nge2 Rac8 15. Bd3 Bc4 16. Rad1 Bxd3 17. Rxd3 Nc4 18. Bc1 Bf8 19. Rhd1 Bc5 20. Kf1 Re8 21. Nd5 Kg7 22. Nec3 b5 23. b3 Nb6 24. Bb2 Nd7 25. f4 exf4 26.
Nxb5 Rxe4 27. Nxd4 Ne5 28. Nf3 f6 29. Nxe5 fxe5 30.
Nc3 Rd4 31. Na4 Rxd3 32. Bxe5+ Kf7 33. Rxd3 Be3 34. Nc3 Ke6 35. Bg7 g5 36. Ke2 g4 37.
h3 Rg8 38. Bd4 Bxd4 39. Rxd4 f3+ 40. gxf3 gxh3 41. Rh4 Rg2+ 42. Kd3 h2 43. Rxh7 Rf2 44. Ke3 Rc2 45. Ne2 Rxa2 46. Rxh2 Rb2 47. Nd4+ Kd5 48. Rxb2 1-0

[Event "*** MasterClass Titled Tuesday Blitz"]
[Site "Chess.com"]
[Date "2017.10.03"]
[Round "4"]
[White "Sethu0025"]
[Black "JSPrepz"]
[Result "1-0"]
[WhiteElo "2643"]
[BlackElo "2532"]
[TimeControl "180+2"]
[EndTime "13:51:10 PDT"]
[Termination "Sethu0025 won by checkmate"]

1. e4 e6 2. d4 d5 3. Nc3 Nf6 4. e5 Nfd7 5. f4 c5 6. Nf3 Nc6 7. Be3 Be7 8. Qd2 O-O 9. dxc5 Qa5 10. a3 Bxc5 11. Bxc5 Qxc5 12. O-O-O Rb8 13. Bd3 h6 14. Ne2 b5 15. b4 Qb6 16. c3 a5 17. Kb2 Qc7 18.
Ned4 Ba6 19. Nxc6 Qxc6 20. Nd4 Qc7 21. g4 Nb6 22. h4 Rfc8 23. Rc1 Qa7 24. g5 Na4+ 25.
Kb3 h5 26. g6 fxg6 27. Bxg6 axb4 28. axb4 Rc4 29. Nxe6 Rbc8 30. Rh3 d4 31. Rg3 dxc3 32. Bh7+ Kh8 33. Qe2 Qf7 34. f5 c2 35. Bg6 Rc3+ 36. Rxc3 Rxc3+ 37. Ka2 Rf3 38. Qxf3 Nc3+ 39. Qxc3 Qa7 40.
Kb2 Bb7 41. Rxc2 Bd5 42. Qc8# 1-0

[Event "*** MasterClass Titled Tuesday Blitz"]
[Site "Chess.com"]
[Date "2017.10.03"]
[Round "4"]
[White "gmcorrales"]
[Black "kleinebeer98"]
[Result "1-0"]
[WhiteElo "2656"]
[BlackElo "2493"]
[TimeControl "180+2"]
[EndTime "13:51:12 PDT"]
[Termination "gmcorrales won on time"]

1. e4 e5 2. Nf3 Nc6 3. Bb5 f5 4. Nc3 fxe4 5. Bxc6 dxc6 6. Nxe4 Nf6 7. Qe2 Be7 8.
Nxf6+ Bxf6 9. Nxe5 O-O 10. Qc4+ Kh8 11. Nf7+ Rxf7 12. Qxf7 Bf5 13. d3 Bg6 14. Qe6 Qd4 15. O-O Re8 16. Qh3 b6 17. Qf3 Qc5 18. c3 Bh5 19.
Qg3 Qb5 20. a4 Qb3 21. Bg5 Be5 22. Bf4 Bxf4 23. Qxf4 Qxb2 24. Rae1 Be2 25. Qc4 Rg8 26. Rb1 Qd2 27. Rfe1 Bxd3 28. Qd4 c5 29. Qd7 Qxc3 30. Rbc1 Qa3 31. Qxc7 c4 32. Qxa7 b5 33. a5 b4 34.
a6 b3 35. Qb7 b2 36. Rcd1 c3 37. Rxd3 c2 38. Rxa3 c1=Q 39. Re3 h6 40. Re2 Rd8 41.
Qxb2 1-0

[Event "*** MasterClass Titled Tuesday Blitz"]
[Site "Chess.com"]
[Date "2017.10.03"]
[Round "4"]
[White "SantoBlue"]
[Black "Batica1984"]
[Result "0-1"]
[WhiteElo "2549"]
[BlackElo "2628"]
[TimeControl "180+2"]
[EndTime "13:51:14 PDT"]
[Termination "Batica1984 won by resignation"]

1. Nf3 c5 2. e4 e6 3. Nc3 Nc6 4. d4 cxd4 5. Nxd4 Qc7 6. g3 a6 7.
Bg2 Nf6 8. O-O h5 9. Re1 h4 10. Bf4 Ne5 11. Nb3 hxg3 12. hxg3 d6 13. a4 Bd7 14. a5 Be7 15. Qd4 Bc6 16. Na4 Nfd7 17. Nb6 Rd8 18. Nxd7 Rxd7 19. Be3 g5 20. f4 gxf4 21.
gxf4 Ng6 22. Rf1 e5 23. fxe5 dxe5 24. Qb6 Qxb6 25. axb6 Rg8 26. Kf2 Nh4 27. Bh1 Rd6 28. c4 Rdg6 29. Rg1 Kd7 30. Na5 Rxg1 31. Rxg1 Rxg1 32.
Kxg1 Bb4 33. Nb3 Kd6 34. Kf2 Ng6 35. Bf3 a5 36. c5+ Ke7 37. Nd2 Nf8 38. Nc4 f6 39. Nd6 Ne6 40. Nc8+ Kd8 41. Na7 Bxc5 42. Nxc6+ bxc6 43. Bg4 Bxe3+ 44. Kxe3 Nc5 45. Kd2 Na4 46. b7 Kc7 47. Bc8 Nc5 48. Kc3 Nxe4+ 49. Kb3 0-1

[Event "*** MasterClass Titled Tuesday Blitz"]
[Site "Chess.com"]
[Date "2017.10.03"]
[Round "4"]
[White "ruvat"]
[Black "Keaton87"]
[Result "0-1"]
[WhiteElo "2303"]
[BlackElo "2454"]
[TimeControl "180+2"]
[EndTime "13:51:14 PDT"]
[Termination "Keaton87 won on time"]

1. d4 Nf6 2. c4 g6 3. Nf3 Bg7 4.
g3 O-O 5. Bg2 d5 6. cxd5 Nxd5 7.
O-O Nb6 8. Nc3 Nc6 9. e3 Re8 10.
d5 Na5 11. Nd4 Bd7 12. e4 c6 13. Bf4 cxd5 14. exd5 Rc8 15. Rc1 Nac4 16. b3 Nd6 17. Re1 Nf5 18. Be5 Bxe5 19. Rxe5 Nxd4 20. Qxd4 Bf5 21.
Rce1 Qc7 22. Nb5 Qc5 23. a4 Qxd4 24. Nxd4 Nd7 25. R5e3 Kf8 26. Nxf5 gxf5 27. Bh3 Rc5 28. Rd3 Nf6 29. Bxf5 Rd8 30. Red1 Kg7 31. Bh3 Nxd5 32. b4 Rc4 33. Rxd5 Rxd5 34. Rxd5 Rxb4 35. Rb5 Rxa4 36.
Rxb7 Kf6 37. Bf1 Ra1 38. Kg2 a5 39. Bc4 a4 40. Ra7 a3 41. Ra5 Rc1 42. Bd5 Rc3 43. h4 e6 44. Ba2 h6 45. g4 Kg6 46. h5+ Kf6 47. Ra7 Rd3 48. Bc4 Rc3 49. Ra4 Ke5 50.
Be2 Kf6 51. f4 Kg7 52. Bf3 Kf6 53. Kg3 Kg7 54. g5 Rb3 55. Kg4 Rc3 56. Be4 Rb3 57.
Ra7 Re3 58. Bc6 hxg5 59. fxg5 Rc3 60. Be8 Rc4+ 61. Kg3 Rc3+ 62. Kf4 Rc4+ 63. Kf3 Rc3+ 64. Ke4 Rc4+ 65. Kd3 Rf4 66. h6+ Kg6 67. Ke3 Kxg5 0-1

[Event "*** MasterClass Titled Tuesday Blitz"]
[Site "Chess.com"]
[Date "2017.10.03"]
[Round "4"]
[White "Zufi1811"]
[Black "matiss90"]
[Result "1-0"]
[WhiteElo "2415"]
[BlackElo "2264"]
[TimeControl "180+2"]
[EndTime "13:51:14 PDT"]
[Termination "Zufi1811 won on time"]

1. e4 c5 2. Nf3 d6 3. d4 cxd4 4. Nxd4 Nf6 5. Nc3 g6 6. Be3 Bg7 7. f3 O-O 8. Qd2 Nc6 9. O-O-O d5 10. exd5 Nxd5 11. Nxc6 bxc6 12. Bd4 e5 13. Bc5 Be6 14. Ne4 Rb8 15. Bc4 h6 16. g4 Qc7 17. Bxf8 Bxf8 18.
g5 Qb6 19. Bb3 a5 20. a4 hxg5 21. h4 Ne3 22. Nf6+ Kg7 23. hxg5 Bb4 24. Rh7+ Kf8 25.
Nd7+ Ke7 26. Nxb6 Bxd2+ 27. Rxd2 Bxb3 28. Rd7+ Ke6 29. cxb3 Rxb6 30. Rdxf7 Rxb3 31. Rf6+ Kd5 32. Rd7+ Kc5 33. Rxg6 Nc4 34. Re6 Rxf3 35. g6 Rg3 36. g7 Rg1+ 37. Kc2 Rg2+ 38. Kc3 Rg3+ 39. Kc2 Rg2+ 40.
Kd1 Ne3+ 41. Ke1 Nc2+ 42. Kd1 Ne3+ 43. Kc1 Rg1+ 44. Kd2 Nc4+ 45. Ke2 Rg2+ 46. Kf3 Rg1 47. b3 Nb6 48. Rxe5+ Kb4 49. Rb7 1-0

[Event "*** MasterClass Titled Tuesday Blitz"]
[Site "Chess.com"]
[Date "2017.10.03"]
[Round "4"]
[White "Laico"]
[Black "GeorgMeier"]
[Result "0-1"]
[WhiteElo "2136"]
[BlackElo "2786"]
[TimeControl "180+2"]
[EndTime "13:51:15 PDT"]
[Termination "GeorgMeier won on time"]

1. e4 e6 2. d4 d5 3. Nd2 dxe4 4. Nxe4 Nd7 5. Bd3 Ngf6 6. Qe2 c5 7. Nf3 cxd4 8.
Nxd4 Nxe4 9. Qxe4 Nc5 10. Qe3 Nxd3+ 11. Qxd3 Be7 12. Be3 Qa5+ 13. Bd2 Qc7 14. O-O-O O-O 15. Bc3 Rd8 16. Qg3 Qxg3 17. hxg3 Bd7 18. f4 Rac8 19.
Nf3 Bc6 20. Rxd8+ Rxd8 21. Rd1 Rxd1+ 22. Kxd1 h5 23. Bd4 a6 24. Ke2 f6 25. Kd3 Kf7 26. b3 Bd6 27. a4 Kg6 28. Nh4+ Kf7 29.
Nf3 Bc7 30. Ke3 Ke7 31. Bc5+ Ke8 32. Kd4 Kd7 33. Bf8 g6 34. Bc5 Bxf3 35. gxf3 e5+ 36. Ke4 exf4 37. gxf4 f5+ 38. Ke3 h4 39. Kf2 Bxf4 40.
Kg2 g5 41. Bd4 g4 42. Bf2 h3+ 43. Kg1 g3 44. Bd4 Kc6 45. c4 a5 46. Bc3 Bd6 0-1

[Event "*** MasterClass Titled Tuesday Blitz"]
[Site "Chess.com"]
[Date "2017.10.03"]
[Round "4"]
[White "DrVelja"]
[Black "Konavets"]
[Result "0-1"]
[WhiteElo "2508"]
[BlackElo "2789"]
[TimeControl "180+2"]
[EndTime "13:51:16 PDT"]
[Termination "Konavets won by resignation"]

1. e4 c5 2. Nf3 d6 3. d4 cxd4 4. Nxd4 Nf6 5. Nc3 a6 6. Bg5 e6 7. f4 Be7 8. Qf3 Qc7 9. O-O-O Nbd7 10. g4 b5 11. Bxf6 Bxf6 12. Ndxb5 axb5 13. Nxb5 Qb8 14. Nxd6+ Kf8 15. e5 Rxa2 16. Bb5 Be7 17. Qc6 Bxd6 18. exd6 Qa8 19. Qxa8 Rxa8 20. b4 Rb8 21. c4 g6 22. Kc2 Kg7 23. Kc3 Rd8 24. g5 Nb6 25.
Rd4 Nd5+ 26. Kb3 Ne3 27. Rd3 Bb7 28. Re1 Nf5 29. c5 Bg2 30. Ba4 Bd5+ 31. Kc3 Ra8 32. Bb3 Bc6 33. Kb2 Rdb8 34. Ra1 Rxa1 35. Kxa1 Rxb4 36.
Kb2 Rd4 37. Rxd4 Nxd4 38. Bc4 Kf8 39. Kc3 Nf5 40. Kb4 Ke8 41. Ka5 Kd7 42. Kb6 Ne3 43.
Ba2 Nd5+ 44. Ka7 Nxf4 0-1

[Event "*** MasterClass Titled Tuesday Blitz"]
[Site "Chess.com"]
[Date "2017.10.03"]
[Round "4"]
[White "Rbrrt"]
[Black "shepi13"]
[Result "1-0"]
[WhiteElo "2279"]
[BlackElo "1999"]
[TimeControl "180+2"]
[EndTime "13:51:17 PDT"]
[Termination "Rbrrt won by checkmate"]

1. e4 c5 2. Nf3 d6 3. d4 cxd4 4. Nxd4 Nf6 5. Nc3 a6 6. g3 e5 7.
Nde2 Be7 8. Bg5 Nbd7 9. Bg2 O-O 10. O-O b5 11. a4 b4 12. Bxf6 Nxf6 13. Nd5 Nxd5 14.
Qxd5 Be6 15. Qd2 Qb6 16. Kh1 Rac8 17. b3 Rc7 18. a5 Qb5 19. Ra4 Rfc8 20. Rc1 Bg5 21.
f4 Bh6 22. h3 exf4 23. gxf4 d5 24. exd5 Bf5 25. Nd4 Qd7 26. Kh2 Rc3 27. Nf3 Be4 28. Ne1 Qf5 29. Bxe4 Bxf4+ 30. Kg1 Qg5+ 31. Qg2 Bxc1 32.
Rxb4 Qxg2+ 33. Kxg2 Bd2 34. Nf3 Be3 35. Bd3 g6 36.
Rc4 R3xc4 37. Bxc4 Bc5 38. Ne5 Bd6 39. Nf3 Ra8 40. Nd4 Kg7 41. Kf3 Kf6 42. Ne2 Ke5 43. Nc3 Kd4 44. Ne4 Be5 45. c3# 1-0

[Event "*** MasterClass Titled Tuesday Blitz"]
[Site "Chess.com"]
[Date "2017.10.03"]
[Round "4"]
[White "stregachess"]
[Black "chessdjw"]
[Result "0-1"]
[WhiteElo "2044"]
[BlackElo "2247"]
[TimeControl "180+2"]
[EndTime "13:51:18 PDT"]
[Termination "chessdjw won by resignation"]

1. d4 Nf6 2. Nf3 g6 3. Bf4 Bg7 4.
e3 O-O 5. h3 d6 6. Be2 c5 7. c4 Ne4 8. Nbd2 Qa5 9. O-O Nxd2 10. Nxd2 cxd4 11. exd4 Nc6 12. Be3 e5 13. Nf3 Bf5 14.
a3 Rfd8 15. d5 Ne7 16. b4 Qc7 17. Rc1 b6 18. Qd2 Rac8 19. Rfe1 Qb7 20. Nh4 Bd7 21. f4 b5 22. fxe5 Bxe5 23. Bg5 f6 24. Bf4 bxc4 25. Bxe5 fxe5 26. Qg5 Nf5 27. Nxg6 hxg6 28. Qxg6+ Ng7 29. Rf1 Rf8 30. Qxd6 Rxf1+ 31. Rxf1 Qb6+ 32. Qxb6 axb6 33. d6 Ne8 34. Bf3 Nf6 35. Bb7 Rf8 36. Rc1 b5 37.
a4 Kg7 38. axb5 Bxb5 39. Rd1 Rd8 40. g4 Ne8 41. g5 Rxd6 42. Re1 c3 43. Be4 Ba4 44. h4 c2 45. Bxc2 Bxc2 46. h5 Rd1 47. Rxd1 Bxd1 48. Kf2 Bxh5 49. b5 Nd6 50. b6 Kg6 0-1

[Event "*** MasterClass Titled Tuesday Blitz"]
[Site "Chess.com"]
[Date "2017.10.03"]
[Round "4"]
[White "pultineviciuspaulius"]
[Black "Semetey"]
[Result "0-1"]
[WhiteElo "2420"]
[BlackElo "2439"]
[TimeControl "180+2"]
[EndTime "13:51:20 PDT"]
[Termination "Semetey won by resignation"]

1. d4 Nf6 2. c4 d6 3. Nf3 g6 4. Nc3 Bf5 5. Nh4 Bd7 6. e4 e5 7.
d5 Bg7 8. Nf3 O-O 9. h3 a5 10.
Be3 Na6 11. g4 Nc5 12. Nd2 c6 13. Be2 a4 14. g5 Ne8 15. h4 Qa5 16. Rb1 Nc7 17.
h5 Rfc8 18. hxg6 hxg6 19. Kf1 b5 20. a3 b4 21. axb4 Qxb4 22. Bg4 Bxg4 23. Qxg4 a3 24. Na2 Qa4 25. b3 Qa6 26. Nb4 Qb7 27. Nxc6 N7a6 28. b4 a2 29. Ra1 Nxb4 30. Nxb4 Qxb4 31. Rxa2 Nb3 32. Rxa8 Rxa8 33. Nxb3 Qxc4+ 34. Kg2 Qxb3 35. Rc1 Bf8 36. Qd7 Qd3 37. Kf3 Bg7 38. Rh1 Bf8 39.
Qe6 fxe6 40. dxe6 d5 41. Rh4 dxe4+ 42. Rxe4 Qd5 43. e7 0-1

[Event "*** MasterClass Titled Tuesday Blitz"]
[Site "Chess.com"]
[Date "2017.10.03"]
[Round "4"]
[White "Bad4life"]
[Black "Abdodi"]
[Result "1-0"]
[WhiteElo "2196"]
[BlackElo "2148"]
[TimeControl "180+2"]
[EndTime "13:51:20 PDT"]
[Termination "Bad4life won by resignation"]

1. e4 e5 2. Nf3 Nf6 3. Nxe5 d6 4. Nf3 Nxe4 5. Nc3 Nxc3 6. dxc3 Be7 7. Be3 O-O 8. Qd2 a5 9. h4 a4 10. a3 Bg4 11.
Nd4 Nc6 12. Be2 Bxe2 13. Nxe2 Ne5 14. Qd5 c6 15. Qd4 Bf6 16. O-O-O d5 17. Bg5 Nd7 18. Qd2 Nc5 19. Ng3 b5 20. Nh5 Bxg5 21. hxg5 Ne4 22. Qd4 Qxg5+ 23. f4 Qg6 24. g4 f6 25. Kb1 Rad8 26.
Qa7 Rf7 27. Qb6 Rfd7 28. Qxc6 Nf2 29. Qe6+ Kf8 30. g5 Nxd1 31. gxf6 gxf6 32. Nxf6 Re7 33. Qb6 Kg7 34. Nh5+ Qxh5 35. Rxh5 Nxc3+ 36. bxc3 Rde8 37. Rg5+ Kf7 38. Rf5+ Kg8 39. Qf6 Rg7 40. Rg5 Re7 41. Qd6 Rxg5 42. Qd8+ Kf7 43. fxg5 Re1+ 44. Kb2 Re5 45.
Qf6+ 1-0